 Dungeon Crawl Stone Soup version 0.29-a0-819-g94b489e0ae (webtiles) character file.

Game seed: 10605862655970250629

21 xian the Conjurer (level 2, 0/17 HPs)
             Began as an Octopode Conjurer on July 6, 2022.
             Slain by an ice beast (9 damage)
             ... on level 2 of the Dungeon.
             The game lasted 00:04:34 (1733 turns).

xian the Conjurer (Octopode Conjurer)               Turns: 1733, Time: 00:04:34

Health: 0/17       AC:  5    Str:  6    XL:     2   Next: 83%
Magic:  3/5        EV: 13    Int: 20    God:
Gold:   142        SH:  0    Dex: 10    Spells: 2/5 levels left

rFire   . . .      SeeInvis .   h - +0 club
rCold   . . .      Faith    .   (no shield)
rNeg    . . .      Spirit   .   (helmet restricted)
rPois   .          Reflect  .   (no amulet)
rElec   .          Harm     .   d - ring of resist corrosion
rCorr   +          Rampage  .   e - +4 ring of protection
Will    .....                   (no ring)
Stlth   +++.......              (no ring)
HPRegen 0.05/turn               (no ring)
MPRegen 0.09/turn               (no ring)
                                (no ring)
                                (no ring)

@: no status effects
A: almost no armour, amphibious, 8 rings, camouflage 1, gelatinous body 1,
(nimble swimmer 1), tentacles
a: no special abilities


You were on level 2 of the Dungeon.
You visited 1 branch of the dungeon, and saw 3 of its levels.

You collected 142 gold pieces.

Inventory:

Hand Weapons
 h - a +0 club (weapon)
Jewellery
 d - a ring of resist corrosion (left tentacle)
 e - a +4 ring of protection (right tentacle)
Scrolls
 b - 2 scrolls of vulnerability
 i - 2 scrolls of teleportation
Potions
 c - a potion of berserk rage {unknown}
 g - 2 potions of resistance
 j - a potion of cancellation


   Skills:
 + Level 2.2 Dodging
 + Level 2.8 Stealth
 + Level 2.0 Spellcasting
 + Level 4.6 Conjurations


You had 2 spell levels left.
You knew the following spells:

 Your Spells              Type           Power      Damage    Failure   Level
a - Magic Dart            Conj           80%        1d7       2%          1
b - Searing Ray           Conj           40%        2d5       3%          2

Your spell library contained the following spells:

 Spells                   Type           Power      Damage    Failure   Level
 Dazzling Flash           Conj/Hex       22%        N/A       19%         3
 Fulminant Prism          Conj/Hex       5%         3d7       52%         4
 Iskenderun's Mystic Bla  Conj/Tloc      11%        2d4       52%         4
 Leda's Liquefaction      Hex/Erth       1%         N/A       83%         4
 Lee's Rapid Deconstruct  Erth           1%         3d5*      99%         5
 Statue Form              Tmut/Erth      1%         N/A       100%        6


Dungeon Overview and Level Annotations

Branches:
Dungeon (3/15)

Altars:
Makhleb


Innate Abilities, Weirdness & Mutations

You cannot wear most types of armour.
You are amphibious.
You can wear up to eight rings at the same time.
Your skin changes colour to match your surroundings (Stealth+).
Your rubbery body absorbs attacks. (AC +1, EV +1)
((You are camouflaged when in or above water. (Stealth+)))
You have tentacles for arms and can constrict up to eight enemies at once.


Message History

(Press . to maintain the ray.) Unknown command.
The searing ray hits the ice beast.
The ice beast is moderately wounded.
The searing ray hits the ice beast!
The ice beast is heavily wounded.
The searing ray hits the ice beast.
The ice beast is heavily wounded.
You finish channelling your searing ray.
The ice beast hits you but does no damage.
Casting: Searing Ray (safe; 3% risk of failure)
Confirm with . or Enter, or press ? or * to list all spells.
You don't have enough magic to cast this spell.
You see here a +0 chain mail.
The ice beast attacks as you move away! The ice beast hits you.
The ice beast freezes you!
Ouch! That really hurt!
* * * LOW HITPOINT WARNING * * *
There is a stone staircase leading up here.
The ice beast misses you.
You climb upwards.
There is a stone staircase leading down here.
Magic courses through your body.
The ice beast hits you but does no damage.
Casting: Searing Ray (safe; 3% risk of failure)
Confirm with . or Enter, or press ? or * to list all spells.
Okay, then.
You feel better.
The ice beast hits you but does no damage.
Casting: Searing Ray (safe; 3% risk of failure)
Confirm with . or Enter, or press ? or * to list all spells.
Aiming: Searing Ray (safe; 3% risk of failure)
Press: ? - help, Shift-Dir - straight line, f - ice beast
Aim: an ice beast (heavily wounded, 78% to hit)
The searing ray hits the ice beast.
The ice beast is severely wounded. (Press . to maintain the ray.)
The ice beast hits you. The ice beast freezes you!
Ouch! That really hurt!
You die...

#.# ##.#...#.## #.# #.# #.....#.#
#######.## ###.######...#.##
#........#
.....(..........########.#####..#
.#####.................#.# #..#
.# #.<.........#..##.#.# ##.. .#
#.......#..###....#.# ####.. .#
#.##....#...#..#..#.###.....
.#####.###.....#@..##............
.......# ##.##.#Y.##.....###.....
.####.## #.##.#..........###.#..
..###.# #.##........#........).
......# #.##........#...######.
..##### #.##........#....#####.
...## #.##.......#####.......
###.#######.##.(......#....#####†
# #.........#......##.#..### #.


You could see an ice beast.

Vanquished Creatures
  A worm (D:2)
  A giant cockroach (D:2)
  2 goblins (D:1)
  A hobgoblin (D:1)
  3 quokkas
  A ball python (D:1)
  2 bats (D:1)
  A frilled lizard (D:1)
  6 rats
18 creatures vanquished.

Notes
Turn   | Place    | Note
-------+----------+-------------------------------------------
     0 | D:1      | xian the Octopode Conjurer began the quest for the Orb.
     0 | D:1      | Reached XP level 1. HP: 11/11 MP: 3/3
   290 | D:1      | Found a faded altar of an unknown god.
   478 | D:1      | Reached XP level 2. HP: 17/17 MP: 1/5
   481 | D:1      | Learned a level 2 spell: Searing Ray
   613 | D:1      | You fall into a shaft and drop 1 floor!
  1359 | D:2      | Found a burning altar of Makhleb.
  1716 | D:3      | Noticed an ice beast
  1733 | D:2      | Slain by an ice beast

Illustrated notes

Levels and vault maps discovered:
D:1:      amcnicky_arrival_blooded_trapdoor, layout_basic,
          ebering_ecumenical_altar_rust, hangedman_decor_riveting,
          minmay_misc_feat_columns, minmay_pentomino_x2
D:2:      layout_loops_ring, basic_altar, hangedman_decor_diamond_cutter
D:3:      layout_loops_ring

Action                   || total
-------------------------++-------
Melee: Unarmed           ||     3
       Constrict         ||     2
       Club              ||     2
 Cast: Magic Dart        ||    31
       Searing Ray       ||     3
  Use: Scroll            ||     9
       Potion            ||     2
Armor: Skin              ||     4
Dodge: Dodged            ||    10

Table legend: (Time is in decaauts)
 A = Elapsed time spent in this place.
 B = Non-inter-level travel time spent in this place.
 C = Inter-level travel time spent in this place.
 D = Time resting spent in this place.
 E = Time spent auto-exploring this place.
 F = Levels seen in this place.
 G = Mean time per level.
                   A        B        C        D        E       F      G
               +--------+--------+--------+--------+--------+-----+--------+
         Total |   1732 |   1709 |     23 |      3 |   1522 |   3 |  577.3 |
       Dungeon |   1732 |   1709 |     23 |      3 |   1522 |   3 |  577.3 |
               +--------+--------+--------+--------+--------+-----+--------+

Top non-repeatable levels by time:
     D:1: 925 daAuts
     D:2: 790 daAuts
     D:3: 16 daAuts
